 Dungeon Crawl Stone Soup version 0.29.1-12-g30fa7ad0bf (webtiles) character file.

Game seed: 14541814374064748243

320 KittyFluff the Cudgeller (level 6, -3/58 HPs)
             Began as a Gargoyle Berserker on Jan 17, 2023.
             Was a Believer of Trog.
             Slain by a gnoll
             ... wielding a +0 flail
              (6 damage)
             ... on level 4 of the Dungeon.
             The game lasted 00:14:45 (3635 turns).

KittyFluff the Cudgeller (Gargoyle Berserker)       Turns: 3635, Time: 00:14:46

Health: -3/58      AC: 13    Str: 21    XL:     6   Next: 46%
Magic:  0/6        EV: 12    Int:  7    God:    Trog [**....]
Gold:   116        SH:  0    Dex: 11    Spells: 5/5 levels left

rFire   . . .      SeeInvis .   a - +0 mace
rCold   . . .      Faith    .   (no shield)
rNeg    + . .      Spirit   +   g - +0 leather armour
rPois   ∞          Reflect  .   o - +0 helmet
rElec   +          Harm     .   (no cloak)
rCorr   .          Rampage  .   s - +0 pair of gloves
Will    .....                   p - +2 pair of boots
Stlth   ..........              b - amulet of guardian spirit
HPRegen 0.19/turn               (no ring)
MPRegen 0.10/turn               (no ring)

@: berserking, very quick
A: sickness immunity, AC +4, negative energy resistance 1, electricity
resistance, torment resistance 1, petrification resistance
a: Renounce Religion, Berserk, Trog's Hand


You were on level 4 of the Dungeon.
You worshipped Trog.
Trog was pleased with you.
You visited 1 branch of the dungeon, and saw 4 of its levels.

You collected 116 gold pieces.

Inventory:

Hand Weapons
 a - a +0 mace (weapon)
 q - a +0 sling
Missiles
 f - 6 boomerangs (quivered)
 j - 20 stones
 u - 4 poisoned darts
Armour
 g - a +0 leather armour (worn)
 k - a +0 ring mail
 o - a +0 helmet (worn)
 p - a +2 pair of boots (worn)
 s - a +0 pair of gloves (worn)
Jewellery
 b - an amulet of guardian spirit (around neck)
Wands
 d - a wand of quicksilver (11)
Scrolls
 c - 2 scrolls of blinking {unknown}
 e - 4 scrolls of teleportation
 n - a scroll of torment {unknown}
 t - a scroll of poison {unknown}
 v - a scroll of noise {unknown}
 w - a scroll of immolation {unknown}
Potions
 h - 3 potions of flight
 i - a potion of might
 l - a potion of degeneration
 m - 3 potions of attraction
 r - 2 potions of heal wounds


   Skills:
 + Level 4.3 Fighting
 * Level 4.7 Maces & Flails
 * Level 4.4 Armour
 + Level 2.5 Dodging


You had 5 spell levels left.
You didn't know any spells.
Your spell library was empty.

Dungeon Overview and Level Annotations

Branches:
Dungeon (4/15)
 Temple: D:4-7

Altars:
Fedhas


Innate Abilities, Weirdness & Mutations

You are immune to sickness and miasma.
Your stone body is resilient. (AC +4)
You are immune to poison.
You resist negative energy. (rN+)
You are resistant to electric shocks. (rElec)
You are resistant to unholy torment.
You are immune to petrification.


Message History

The orc hits you but does no damage. The orc hits you with a +0 hand axe.
You sock the orc!
You kill the orc!
Trog accepts your kill. The gnoll hits you with a +0 flail.
The orc priest looks satisfied for a moment.
The orc closely misses you.
You barely miss the gnoll. The gnoll hits you but does no damage.
The gnoll closely misses you. The orc closely misses you.
You sock the orc priest!
The orc priest is severely wounded.
The gnoll hits you but does no damage. The gnoll closely misses you.
The gnoll hits you but does no damage.
The orc priest invokes the aid of Beogh against you.
Beogh smites you! The orc barely misses you.
The gnoll hits you with a +0 flail. The orc closely misses you.
The gnoll hits you but does no damage.
The orc priest hits you but does no damage.
The gnoll hits you from afar with a +0 spear.
* * * LOW HITPOINT WARNING * * *
A red film seems to cover your vision as you go berserk!
You feel yourself moving faster!
You feel mighty! The gnoll barely misses you.
The orc hits you but does no damage.
The gnoll hits you but does no damage. x2
The orc priest calls down the wrath of Beogh upon you.
Beogh smites you!
* * * LOW HITPOINT WARNING * * *
You barely miss the orc priest.
The orc priest is severely wounded.
You barely miss the orc priest.
The orc priest is severely wounded.
The gnoll closely misses you.
The gnoll hits you but does no damage. x2
The orc hits you but does no damage. The orc priest closely misses you.
You closely miss the orc priest.
The orc priest is severely wounded.
The gnoll hits you but does no damage. The gnoll misses you. x2
The orc hits you but does no damage. The orc priest barely misses you.
You closely miss the orc priest.
The orc priest is severely wounded.
The gnoll hits you with a +0 flail.
You die...

#.....#
##.###.#
#..# .###.
#.)###gg...
#......##
#.##.###
##g# ..#
#gg# #.#
#@## .#
#oo..#..
#.#### ##
#.. #..
#..# #.)#
#..#


You could see an orc priest, 3 gnolls and an orc.

Vanquished Creatures
  A hound (D:4)
  2 orc priests (D:3)
  Jessica (D:2)
  Terence (D:2)
  An orc wizard (D:3)
  Robin (D:1)
  6 adders
  2 worms
  A dart slug (D:2)
  9 orcs
  9 bats
  3 endoplasms
  A giant cockroach (D:1)
  14 goblins
  4 hobgoblins
  6 jackals (D:3)
  2 quokkas
  3 ball pythons
  A frilled lizard (D:2)
  3 kobolds
  7 rats
78 creatures vanquished.

Notes
Turn   | Place    | Note
-------+----------+-------------------------------------------
     0 | D:1      | KittyFluff the Gargoyle Berserker began the quest for the
                  | Orb.
     0 | D:1      | Reached XP level 1. HP: 14/14 MP: 1/1
   371 | D:1      | Found a faded altar of an unknown god.
   619 | D:1      | Reached XP level 2. HP: 13/19 MP: 2/2
   956 | D:2      | Noticed Robin
  1228 | D:1      | Killed Robin
  1229 | D:1      | Reached XP level 3. HP: 23/23 MP: 1/3
  1444 | D:2      | Noticed Terence
  1510 | D:2      | Killed Terence
  1511 | D:2      | Reached XP level 4. HP: 26/29 MP: 2/4
  1618 | D:2      | Noticed Jessica
  1626 | D:2      | Killed Jessica
  1827 | D:2      | Reached XP level 5. HP: 30/33 MP: 5/5
  1952 | D:2      | Found a blossoming altar of Fedhas.
  2340 | D:3      | Reached ** piety under Trog
  2952 | D:3      | Reached XP level 6. HP: 21/38 MP: 2/6
  3631 | D:4      | HP: 2/58 [orc priest/divine providence (12)]
  3635 | D:4      | Slain by a gnoll

Illustrated notes

Levels and vault maps discovered:
D:1:      wander_arrival_peaceful_grave, layout_rooms,
          shapermc_ecumenical_altar_acropolis, serial_aquarium,
          aquarium_bridge_square [aquarium_subvault_balcony,
          aquarium_subvault_bridge, aquarium_subvault_wall,
          aquarium_subvault_bridge], aquarium_window_corridor_2,
          aquarium_window_1, aquarium_window_1, aquarium_window_2,
          aquarium_view_2d, aquarium_balcony_5b, aquarium_pool_2,
          hangedman_decor_points, corexii_corridor_pit
D:2:      layout_loops_ring, basic_altar, hangedman_abyss_or_decor_stabs,
          uniq_jessica, uniq_robin, uniq_terence
D:3:      layout_loops_ring
D:4:      layout_loops_ring

Skill      XL: |  1  2  3  4  5 |
---------------+----------------+-----
Armour         | 3 4 |  4.4
Dodging        | 2 |  2.5
Maces & Flails | 4 |  4.7
Fighting       | 4 |  4.3

Action                   |  1- 3 |  4- 6 || total
-------------------------+-------+-------++-------
Melee: Mace              |    70 |   215 ||   285
       Punch             |     1 |     5 ||     6
Invok: Berserk           |     3 |     1 ||     4
  Use: Scroll            |       |     6 ||     6
Armor: Leather armour    |    44 |   124 ||   168
Dodge: Dodged            |    62 |   177 ||   239
